 Dungeon Crawl Stone Soup version 0.24-a0-745-g3348362 (webtiles) character file.

Game seed: 14084353787753588260, levelgen mode: deterministic

8290 Spazmo the Thaumaturge (level 11, -6/54 HPs)
             Began as a Deep Elf Fire Elementalist on Oct 2, 2019.
             Was a Believer of Vehumet.
             Killed from afar by Erica (28 damage)
             ... with an orb of energy
             ... on level 9 of the Dungeon.
             The game lasted 00:25:53 (9368 turns).

Spazmo the Thaumaturge (Deep Elf Fire Elementalist) Turns: 9368, Time: 00:25:56

Health: -6/54      AC:  7    Str:  5    XL:     11   Next: 8%
Magic:  20/29      EV: 13    Int: 24    God:    Vehumet [**....]
Gold:   415        SH:  9    Dex: 15    Spells: 18/34 levels left

rFire    . . .     SeeInvis .   p - +0 dagger (venom)
rCold    . . .     Gourm    .   y - +0 buckler
rNeg     . . .     Faith    .   a - +1 robe
rPois    .         Spirit   .   (no helmet)
rElec    .         Reflect  +   E - +0 cloak
rCorr    .         Harm     .   (no gloves)
MR       +....                  F - +2 pair of boots
Stlth    ++........             z - +4 amulet of reflection
HPRegen  0.18/turn              v - ring of wizardry
MPRegen  0.21/turn              (no ring)

@: lethally poisoned (-6 -> -16)
A: no striking features
a: Renounce Religion


You were on level 9 of the Dungeon.
You worshipped Vehumet.
Vehumet was pleased with you.
You were not hungry.

You visited 2 branches of the dungeon, and saw 10 of its levels.

You collected 415 gold pieces.

Inventory:

Hand Weapons
 p - a +0 dagger of venom (weapon)
Missiles
 b - 215 stones (quivered)
Armour
 a - a +1 robe (worn)
 y - a +0 buckler (worn)
 E - a +0 cloak (worn)
 F - a +2 pair of boots (worn)
Magical Staves
 s - an uncursed staff of air
Jewellery
 i - an uncursed ring of ice
 v - a ring of wizardry (left hand)
 z - a +4 amulet of reflection (around neck)
Wands
 m - a wand of polymorph (9)
 q - a wand of acid (16)
Scrolls
 d - 5 scrolls of identify
 e - a scroll of blinking
 f - 4 scrolls of teleportation
 h - 5 scrolls of amnesia
 l - 5 scrolls of remove curse
 w - 2 scrolls of enchant armour
 D - a scroll of magic mapping
Potions
 g - 2 potions of might
 j - 2 potions of haste
 k - 2 potions of cancellation
 n - 2 potions of agility
 o - 2 potions of flight
 r - a potion of ambrosia
 t - a potion of invisibility
 u - 2 potions of brilliance
 x - a potion of curing
 A - a potion of heal wounds
 B - a potion of mutation {unknown}
 C - a potion of degeneration {unknown}
Comestibles
 c - 15 rations


   Skills:
 - Level 2.4 Dodging
 - Level 2.4 Stealth
 - Level 4.0 Shields
 - Level 12.0 Spellcasting
 - Level 10.0 Conjurations
 - Level 10.0 Fire Magic
 + Level 6.0 Earth Magic


You had 18 spell levels left.
You knew the following spells:

 Your Spells              Type           Power        Failure   Level  Hunger
a - Flame Tongue          Conj/Fire      #####        1%          1    None
b - Throw Flame           Conj/Fire      ######       1%          2    None
c - Conjure Flame         Conj/Fire      ######..     1%          3    None
d - Sticky Flame          Conj/Fire      ######..     1%          4    None
e - Fireball              Conj/Fire      ######....   1%          5    ###....
f - Sandblast             Erth           #####.       1%          1    None

Your spell library contained the following spells:

 Spells                   Type           Power        Failure   Level  Hunger
 Dazzling Spray           Conj/Hex       #####.       1%          3    None
 Animate Skeleton         Necr           N/A          1%          1    None
 Pain                     Necr           ##..         1%          1    None
 Summon Butterflies       Summ           ##......     1%          1    None
 Inner Flame              Hex/Fire       #####...     1%          3    None
 Call Imp                 Summ           ##......     2%          2    None
 Regeneration             Chrm/Necr      ##........   5%          3    None
 Vampiric Draining        Necr           ##........   5%          3    None
 Animate Dead             Necr           N/A          16%         4    None
 Summon Ice Beast         Ice/Summ       ##......     16%         4    None
 Spellforged Servitor     Conj/Summ      #####.....   86%         7    ######.
 Shadow Creatures         Summ           N/A          92%         6    #####..


Dungeon Overview and Level Annotations

Branches:
Dungeon (9/15)             Temple (1/1) D:4
   Lair: D:8-11         Orc: D:9-12

Altars:
Ashenzari
Cheibriados
Dithmenos
Elyvilon
Gozag
Kikubaaqudgha
Nemelex Xobeh
Okawaru
Qazlal
Ru
Sif Muna
Trog
Uskayaw
Vehumet
Wu Jian
Xom
Zin
The Shining One

Shops:
D:9 [

Annotations:
D:6 3 runed translucent doors, tuf08440's ghost, novice MfGl
D:9 Erica


Message History

Aiming: Fireball (safe; 1% risk of failure)
Press: ? - help, Shift-Dir - straight line, f/p - Erica
Aim: Erica, wielding a +4 scimitar of flaming and wearing a +2 robe of magic resistance (lightly wounded)
The fireball explodes!
The fireball engulfs Erica.
Erica is moderately wounded.
You feel sick.
Unknown command.
Casting: Fireball (safe; 1% risk of failure)
Confirm with . or Enter, or press ? or * to list all spells.
Aiming: Sandblast (safe; 1% risk of failure)
Press: ? - help, Shift-Dir - straight line, f/p - Erica
Aim: Erica, wielding a +4 scimitar of flaming and wearing a +2 robe of magic resistance (moderately wounded)
The blast of sand hits Erica!
Erica is moderately wounded.
b - 215 stones You feel sick.
Erica gestures at you while chanting. The orb of energy hits you!!
Ouch! That really hurt!
You die...

...................###'##########
#####+#....##'##.................
......#.##.#...#.................
......#.##.'...#........##.......
......#.##.#...#........##.......
#######....#...#.................
...#########...##################
...#.................... #
.).'รท...........@....... #
...##############'###### ########
##'### ... ........ .....# .@...
........ .....# .....# ##......
.....# ...>.#####...... ######
................ ................
#.......#..


You could see Erica.

Vanquished Creatures
  Harold (D:7)
  Erolcha (D:9)
  2 two-headed ogres (D:9)
  Pikel (D:7)
  Joseph (D:7)
  Prince Ribbit (D:5)
  2 hippogriffs (D:8)
  5 yaks (D:9)
  A wyvern (D:8)
  Eustachio (D:4)
  A water moccasin (D:8)
  2 orc warriors
  An ice beast (D:9)
  2 black bears
  3 phantoms
  A slave (D:7)
  3 sky beasts
  5 ogres
  2 centaurs (D:6)
  6 bullfrogs
  3 howler monkeys
  2 crimson imps
  2 quasits
  3 orc priests
  3 jellies
  A centaur skeleton (D:3)
  5 hounds
  6 orc wizards
  A bullfrog skeleton (D:8)
  An iguana (D:8)
  6 worker ants
  A hound zombie (D:5)
  A hound skeleton (D:4)
  2 worker ant zombies
  3 gnolls (D:7)
  10 adders
  A shadow imp (D:7)
  An ooze (D:5)
  4 worms
  2 dart slugs
  3 leopard geckos
  31 orcs
  A ball python (D:4)
  5 giant cockroaches
  10 goblins
  5 hobgoblins
  9 jackals
  2 quokkas (D:4)
  4 bats
  7 frilled lizards
  12 kobolds
  A leopard gecko zombie (D:6)
  A quokka zombie (D:8)
  11 rats
202 creatures vanquished.

Notes
Turn   | Place    | Note
-------+----------+-------------------------------------------
     0 | D:1      | Spazmo the Deep Elf Fire Elementalist began the quest for
                  | the Orb.
     0 | D:1      | Reached XP level 1. HP: 10/10 MP: 6/6
   267 | D:1      | Reached XP level 2. HP: 10/15 MP: 5/8
   271 | D:1      | Learned a level 2 spell: Throw Flame
   901 | D:2      | Found a sparkling altar of Nemelex Xobeh.
   938 | D:2      | You fall into a shaft and drop 2 floors!
   968 | D:4      | Noticed Eustachio
   996 | D:4      | Found an ancient bone altar of Kikubaaqudgha.
  1005 | D:4      | Reached XP level 3. HP: 15/19 MP: 8/10
  1013 | D:4      | Learned a level 3 spell: Conjure Flame
  1069 | D:3      | Reached skill level 4 in Spellcasting
  1255 | D:2      | Found a glowing silver altar of Zin.
  1256 | D:2      | Found a shattered altar of Ashenzari.
  1259 | D:2      | Reached XP level 4. HP: 16/24 MP: 10/12
  1265 | D:2      | Learned a level 4 spell: Sticky Flame
  1770 | D:2      | You fall into a shaft and drop 1 floor!
  2338 | D:3      | Reached XP level 5. HP: 18/28 MP: 5/14
  2578 | D:3      | Reached skill level 5 in Spellcasting
  3273 | D:4      | Reached skill level 5 in Fire Magic
  3323 | D:4      | Killed Eustachio
  3323 | D:4      | Reached XP level 6. HP: 19/32 MP: 5/16
  3400 | D:4      | Reached skill level 6 in Spellcasting
  3434 | D:4      | Found a staircase to the Ecumenical Temple.
  3442 | Temple   | Entered the Ecumenical Temple
  3550 | Temple   | Became a worshipper of Vehumet
  4074 | D:4      | Reached XP level 7. HP: 36/36 MP: 15/18
  4442 | D:4      | Reached skill level 5 in Conjurations
  4530 | D:5      | Entered Level 5 of the Dungeon
  4589 | D:5      | Reached skill level 7 in Spellcasting
  4618 | D:5      | Noticed Prince Ribbit
  4627 | D:5      | Killed Prince Ribbit
  4630 | D:5      | Reached XP level 8. HP: 17/41 MP: 7/21
  4770 | D:5      | Found an ornate altar of the Wu Jian Council.
  5028 | D:5      | Reached skill level 8 in Spellcasting
  5300 | D:6      | Found a runed translucent gate.
  5301 | D:6      | Found a runed translucent gate.
  5302 | D:6      | Found a runed translucent gate.
  5303 | D:6      | Noticed tuf08440's ghost (novice MfGl)
  5325 | D:6      | Identified the Collected Works on the Escort
  5493 | D:6      | Reached skill level 1 in Shields
  5562 | D:6      | Learned a level 5 spell: Fireball
  5664 | D:6      | Reached * piety under Vehumet
  5664 | D:6      | Offered knowledge of Shock by Vehumet.
  6140 | D:7      | Noticed Harold
  6192 | D:7      | Reached skill level 9 in Spellcasting
  6554 | D:7      | Reached XP level 9. HP: 45/45 MP: 18/24
  6602 | D:7      | Found a glowing golden altar of the Shining One.
  6965 | D:7      | Noticed Joseph
  6981 | D:7      | Killed Joseph
  7231 | D:7      | Killed Harold
  7231 | D:7      | Reached skill level 10 in Spellcasting
  7341 | D:7      | Noticed Pikel
  7356 | D:7      | Killed Pikel
  7432 | D:7      | Offered knowledge of Sandblast by Vehumet.
  7435 | D:7      | Reached XP level 10. HP: 48/50 MP: 16/26
  7438 | D:7      | Learned a level 1 spell: Sandblast
  7588 | D:8      | Reached ** piety under Vehumet
  7598 | D:8      | Reached skill level 1 in Earth Magic
  7925 | D:8      | Reached skill level 11 in Spellcasting
  8699 | D:9      | Noticed Erolcha
  8705 | D:9      | Killed Erolcha
  8705 | D:9      | Reached skill level 10 in Fire Magic
  8723 | D:9      | Found Xuow's Armour Boutique.
  8970 | D:9      | Offered knowledge of Dazzling Spray by Vehumet.
  8975 | D:9      | Noticed Erica
  9120 | D:9      | Noticed a two-headed ogre
  9130 | D:9      | Killed a two-headed ogre
  9130 | D:9      | Reached skill level 12 in Spellcasting
  9130 | D:9      | Reached skill level 10 in Conjurations
  9130 | D:9      | Reached skill level 5 in Earth Magic
  9281 | D:9      | Noticed a two-headed ogre
  9305 | D:9      | Killed a two-headed ogre
  9305 | D:9      | Reached XP level 11. HP: 54/54 MP: 19/29
  9368 | D:9      | Killed from afar by Erica

Levels and vault maps discovered:
D:1:      erik_arrival_triangle_small, layout_basic, serial_park_tiny_1
D:2:      layout_loops_corners, chequers_temple_overflow_statue_of_worship,
          minmay_misc_feat_roman, nemelex_lonely_heart_becter
D:3:      layout_basic, first_ration
D:4:      layout_loops_cross, lemuel_crystal_altar, minmay_temple_entry_wispy,
          enter_ossuary_3, hangedman_decor_slide_cut, uniq_eustachio
D:5:      layout_loops_ring, old_standard_altar, kennysheep_generic_room_6,
          uniq_prince_ribbit1
D:6:      layout_basic, gammafunk_ghost_split, dk_noncrumbling_4
D:7:      layout_basic, basic_altar, uniq_joseph, uniq_harold, uniq_pikel
D:8:      layout_basic
D:9:      layout_stronghold, serial_shops, shop, uniq_erolcha, uniq_erica
Temple:   dpeg_five_rooms_temple

Skill      XL: |  1  2  3  4  5  6  7  8  9 10 |
---------------+-------------------------------+-----
Conjurations   | 2 3 4 5 7 8 10 | 10.0
Spellcasting   | 4 5 6 7 9 10 12 | 12.0
Fire Magic     | 4 5 6 8 9 10 | 10.0
Shields        | 2 4 |  4.0
Earth Magic    | 6 |  6.0
Dodging        | |  2.4
Stealth        | |  2.4

Action                   |  1- 3 |  4- 6 |  7- 9 | 10-12 || total
-------------------------+-------+-------+-------+-------++-------
Melee: Unarmed           |     7 |       |       |       ||     7
       Dagger            |       |       |    25 |     7 ||    32
       Whip              |       |       |       |    37 ||    37
Throw: Stone             |       |       |     3 |       ||     3
 Cast: Flame Tongue      |    60 |   126 |   131 |   108 ||   425
       Throw Flame       |     3 |    21 |    32 |    21 ||    77
       Sticky Flame      |       |     3 |    20 |    16 ||    39
       Conjure Flame     |       |     1 |     8 |     1 ||    10
       Fireball          |       |       |     1 |     6 ||     7
       Sandblast         |       |       |       |     5 ||     5
Evoke: Wand              |       |       |     2 |       ||     2
  Use: Scroll            |     6 |     5 |     6 |     1 ||    18
       Potion            |     1 |     1 |     2 |     1 ||     5
  Eat: Chunk             |     1 |     9 |     6 |     2 ||    18
       Ration            |       |       |     2 |     1 ||     3
Armor: Robe              |     6 |     9 |    14 |    15 ||    44
Dodge: Dodged            |    27 |    44 |    24 |    33 ||   128
Block: Buckler           |       |       |    14 |    28 ||    42
       Reflection        |       |       |     2 |       ||     2

Table legend:
 A = Non-vault XP
 B = Vault XP
 C = Vault XP percentage of total XP
 D = Non-vault monster count
 E = Vault monster count
 F = Vault count percentage of total count
                 A         B        C        D         E       F
            +---------+---------+-------+---------+---------+-------
      Total |    8267 |    3577 |  30.2 |     195 |       6 |   3.0
            +---------+---------+-------+---------+---------+-------
        D:1 |      28 |       0 |   0.0 |      19 |       0 |   0.0
        D:2 |      64 |       0 |   0.0 |      21 |       0 |   0.0
        D:3 |     183 |       0 |   0.0 |      37 |       0 |   0.0
        D:4 |     575 |     197 |  25.5 |      32 |       1 |   3.0
        D:5 |     511 |     255 |  33.3 |       7 |       1 |  12.5
        D:6 |     817 |       0 |   0.0 |      15 |       0 |   0.0
        D:7 |     791 |    2150 |  73.1 |      19 |       3 |  13.6
        D:8 |    2074 |       0 |   0.0 |      26 |       0 |   0.0
        D:9 |    3224 |     975 |  23.2 |      19 |       1 |   5.0
            +---------+---------+-------+---------+---------+-------
